TOP OF THE 1ST |
Pennsylvania State University Nittany Lions batting - Pitching for Wichita State University Shockers : LHP Joe Seaborn
|
Pitching: LHP Joe Seaborn
|
|
Batting: RHB Francisco Velazquez
|
0-0: Ball 1-0: Foul Ball, location: 2F 1-1: SINGLE (Groundball, 56D, EV 94.4 MPH)
|
Batting: RHB Pete Martin
|
0-0: Called Strike 0-1: Ball 1-1: Foul Ball, location: 2F 1-2: Foul Ball, location: 2F 1-2: Ball 2-2: Foul Ball, location: 2F 2-2: Strikes out swinging
|
Batting: RHB Josh Ebeling
|
0-0: Ball 1-0: Called Strike 1-1: Ball Francisco Velazquez steals 2nd base 2-1: Swinging Strike 2-2: Foul Ball, location: 2F 2-2: Strikes out swinging
|
Batting: RHB Rob Hinojosa
|
0-0: Ball 1-0: Called Strike 1-1: Foul Ball, location: 2F 1-2: Ball 2-2: Ball 3-2: Base on Balls
|
Batting: RHB Victor Victorino
|
0-0: Called Strike 0-1: Foul Ball, location: 2F 0-2: Foul Ball, location: 2F 0-2: Ball 1-2: Ball 2-2: Ball 3-2: Foul Ball, location: 2F 3-2: Strikes out swinging
|
Top of the 1st over - 0 runs, 1 hit, 0 errors, 2 left on base; Pennsylvania State University 0 - Wichita State University 0 |
BOTTOM OF THE 1ST |
Wichita State University Shockers batting - Pitching for Pennsylvania State University Nittany Lions : LHP John McDonald
|
Pitching: LHP John McDonald
|
|
Batting: RHB Alex Zeledon
|
0-0: Ball 1-0: Called Strike 1-1: Ball 2-1: Ball 3-1: Base on Balls
|
Batting: RHB Lucio Baratta
|
0-0: Ball 1-0: Fly out, F4 (Line Drive, 4, EV 75.6 MPH)
|
Batting: RHB Byron Whitehead
|
0-0: Ball 1-0: Called Strike 1-1: Swinging Strike 1-2: Strikes out swinging
|
Batting: LHB Carlos Flores
|
0-0: Foul Ball, location: 2F 0-1: Foul Ball, location: 2F 0-2: Fly out, F7 (Flyball, 78D, EV 105.0 MPH)
|
Bottom of the 1st over - 0 runs, 0 hits, 0 errors, 1 left on base; Pennsylvania State University 0 - Wichita State University 0 |
TOP OF THE 2ND |
Pennsylvania State University Nittany Lions batting - Pitching for Wichita State University Shockers : LHP Joe Seaborn
|
Batting: RHB Joe Strachan
|
0-0: Ball 1-0: Ball 2-0: Foul Ball, location: 2F 2-1: Ground out 5-3 (Groundball, 56, EV 82.5 MPH)
|
Batting: RHB Zachary Roberts
|
0-0: Called Strike 0-1: Called Strike 0-2: Ball 1-2: Ball 2-2: Strikes out swinging
|
Batting: RHB James Steinmetz
|
0-0: Foul Ball, location: 2F 0-1: Ball 1-1: Reached on error, E5 (Groundball, 56, EV 103.1 MPH)
|
Batting: RHB Perry Brantley
|
0-0: Ball 1-0: Ball 2-0: Called Strike 2-1: Called Strike 2-2: Ball 3-2: Strikes out swinging
|
Top of the 2nd over - 0 runs, 0 hits, 1 error, 1 left on base; Pennsylvania State University 0 - Wichita State University 0 |
BOTTOM OF THE 2ND |
Wichita State University Shockers batting - Pitching for Pennsylvania State University Nittany Lions : LHP John McDonald
|
Batting: RHB Marvin Coffey
|
0-0: Foul Ball, location: 2F 0-1: Ball 1-1: Ball 2-1: Ground out 5-3 (Groundball, 56S, EV 63.1 MPH)
|
Batting: RHB Jordan Carr
|
0-0: Swinging Strike 0-1: Ball 1-1: Called Strike 1-2: Fly out, F9 (Line Drive, 9LM, EV 96.2 MPH)
|
Batting: RHB Kyle Gill
|
0-0: Foul Ball, location: 2F 0-1: Ball 1-1: Ball 2-1: Foul Ball, location: 2F 2-2: Foul Ball, location: 2F 2-2: Ground out 4-3 (Groundball, 34, EV 78.8 MPH)
|
Bottom of the 2nd over - 0 runs, 0 hits, 0 errors, 0 left on base; Pennsylvania State University 0 - Wichita State University 0 |
TOP OF THE 3RD |
Pennsylvania State University Nittany Lions batting - Pitching for Wichita State University Shockers : LHP Joe Seaborn
|
Batting: RHB Francisco Velazquez
|
0-0: Ball 1-0: Ball 2-0: Called Strike 2-1: Called Strike 2-2: Foul Ball, location: 2F 2-2: Foul Ball, location: 2F 2-2: Ball 3-2: SINGLE (Line Drive, 5D, EV 98.1 MPH)
|
Batting: RHB Pete Martin
|
0-0: Called Strike 0-1: DOUBLE (Groundball, 5L, EV 103.8 MPH) Francisco Velazquez to third
|
Batting: RHB Josh Ebeling
|
0-0: Ball Wild Pitch! Francisco Velazquez scores Pete Martin to third 1-0: Ball 2-0: Ball 3-0: Called Strike 3-1: Foul Ball, location: 2F 3-2: Foul Ball, location: 2F 3-2: Fly out, F7 (Line Drive, 78M, EV 90.0 MPH) Runner from 3rd tags up, SCORES, throw by LF
|
Batting: RHB Rob Hinojosa
|
0-0: Ball 1-0: Swinging Strike 1-1: Ball 2-1: Swinging Strike 2-2: Ball 3-2: Base on Balls
|
Batting: RHB Victor Victorino
|
0-0: Foul Ball, location: 2F 0-1: Swinging Strike 0-2: Ball 1-2: 2-RUN HOME RUN (Line Drive, 8RXD, EV 116.2 MPH), Distance : 476 ft
|
Batting: RHB Joe Strachan
|
0-0: Called Strike 0-1: Ball 1-1: Swinging Strike 1-2: Strikes out swinging
|
Batting: RHB Zachary Roberts
|
0-0: Swinging Strike 0-1: Ground out 6-3 (Groundball, 6, EV 80.6 MPH)
|
Top of the 3rd over - 4 runs, 3 hits, 0 errors, 0 left on base; Pennsylvania State University 4 - Wichita State University 0 |
BOTTOM OF THE 3RD |
Wichita State University Shockers batting - Pitching for Pennsylvania State University Nittany Lions : LHP John McDonald
|
Batting: RHB Jeff Grant
|
0-0: Ball 1-0: Swinging Strike 1-1: Swinging Strike 1-2: Ball 2-2: Strikes out looking
|
Batting: SHB Peter Faggard
|
0-0: Foul Ball, location: 2F 0-1: Ball 1-1: SINGLE (Groundball, 6M, EV 101.9 MPH)
|
Pitching: RHP Tony Corona
|
|
Batting: RHB Alex Zeledon
|
0-0: SINGLE (Groundball, 4MD, EV 107.5 MPH) Peter Faggard to second
|
Batting: RHB Lucio Baratta
|
0-0: SINGLE (Line Drive, 7S, EV 98.8 MPH) Peter Faggard to third Alex Zeledon to second Runner from 3rd tries for Home, SAFE, throw by LF to home
|
Batting: RHB Byron Whitehead
|
0-0: Ball 1-0: Ball 2-0: Called Strike 2-1: Swinging Strike 2-2: Ball 3-2: Base on Balls Alex Zeledon to third Lucio Baratta to second
|
Batting: LHB Carlos Flores
|
0-0: Called Strike 0-1: Ball 1-1: Foul Ball, location: 2F 1-2: Strikes out swinging
|
Batting: RHB Marvin Coffey
|
0-0: Ball 1-0: SINGLE (Groundball, 34D, EV 102.5 MPH) Alex Zeledon scores Lucio Baratta to third Byron Whitehead to second Runner from 3rd tries for Home, SAFE, throw by RF to home
|
Batting: RHB Jordan Carr
|
0-0: Called Strike 0-1: Ball 1-1: Swinging Strike Passed Ball! Byron Whitehead to third Marvin Coffey to second 1-2: Ball Wild Pitch! Byron Whitehead scores Marvin Coffey to third 2-2: Ball 3-2: Foul Ball, location: 2F 3-2: SINGLE (Groundball, P, EV 84.4 MPH) (infield hit) Marvin Coffey scores
|
Pitching: RHP Hector Guzman
|
|
Batting: RHB Kyle Gill
|
0-0: Called Strike 0-1: Foul Ball, location: 2F 0-2: Ball 1-2: Ball 2-2: Foul Ball, location: 2F 2-2: Fly out, F9 (Flyball, 9S, EV 75.6 MPH)
|
Bottom of the 3rd over - 5 runs, 5 hits, 0 errors, 1 left on base; Pennsylvania State University 4 - Wichita State University 5 |
TOP OF THE 4TH |
Pennsylvania State University Nittany Lions batting - Pitching for Wichita State University Shockers : LHP Joe Seaborn
|
Pitching: LHP Greg Burton
|
|
Batting: RHB James Steinmetz
|
0-0: Ball 1-0: Called Strike 1-1: Swinging Strike 1-2: Foul Ball, location: 2F 1-2: Ball 2-2: Ball 3-2: Base on Balls
|
Batting: RHB Perry Brantley
|
0-0: Ball 1-0: Ground out 4-3 (Groundball, 4S, EV 75.0 MPH) James Steinmetz to second
|
Batting: RHB Francisco Velazquez
|
0-0: Swinging Strike 0-1: Ball 1-1: Ground out 5-3 (Groundball, 5S, EV 87.5 MPH)
|
Batting: RHB Pete Martin
|
0-0: Called Strike 0-1: SINGLE (Line Drive, 8LS, EV 85.0 MPH) James Steinmetz to third Runner from 3rd tries for Home, SAFE, throw by CF to home
|
Batting: RHB Josh Ebeling
|
0-0: Called Strike 0-1: Called Strike 0-2: Fly out, F8 (Flyball, 8RM, EV 88.1 MPH)
|
Top of the 4th over - 1 run, 1 hit, 0 errors, 1 left on base; Pennsylvania State University 5 - Wichita State University 5 |
BOTTOM OF THE 4TH |
Wichita State University Shockers batting - Pitching for Pennsylvania State University Nittany Lions : RHP Hector Guzman
|
Batting: RHB Jeff Grant
|
0-0: Called Strike 0-1: Fly out, F7 (Flyball, 78M, EV 90.0 MPH)
|
Batting: SHB Peter Faggard
|
0-0: Ball 1-0: Called Strike 1-1: Foul Ball, location: 2F 1-2: Strikes out swinging
|
Batting: RHB Alex Zeledon
|
0-0: Foul Ball, location: 2F 0-1: Called Strike 0-2: Ball 1-2: Foul Ball, location: 2F 1-2: Strikes out looking
|
Bottom of the 4th over - 0 runs, 0 hits, 0 errors, 0 left on base; Pennsylvania State University 5 - Wichita State University 5 |
TOP OF THE 5TH |
Pennsylvania State University Nittany Lions batting - Pitching for Wichita State University Shockers : LHP Greg Burton
|
Batting: RHB Rob Hinojosa
|
0-0: Ball 1-0: Swinging Strike 1-1: Swinging Strike 1-2: Foul Ball, location: 2F 1-2: Foul Ball, location: 2F 1-2: Foul Ball, location: 2F 1-2: Strikes out swinging
|
Batting: RHB Victor Victorino
|
0-0: Swinging Strike 0-1: Ball 1-1: Ground out 6-3 (Groundball, 6MD, EV 91.2 MPH)
|
Batting: RHB Joe Strachan
|
0-0: Ball 1-0: SINGLE (Groundball, 5D, EV 105.6 MPH)
|
Pitching: LHP Rusty Estes
|
|
Batting: RHB Zachary Roberts
|
0-0: Swinging Strike 0-1: Ball 1-1: Swinging Strike 1-2: Fielders Choice at 2nd, 6-4 (Groundball, 56, EV 88.1 MPH)
|
Top of the 5th over - 0 runs, 1 hit, 0 errors, 1 left on base; Pennsylvania State University 5 - Wichita State University 5 |
BOTTOM OF THE 5TH |
Wichita State University Shockers batting - Pitching for Pennsylvania State University Nittany Lions : RHP Hector Guzman
|
Pitching: RHP David Cantu
|
|
Batting: RHB Lucio Baratta
|
0-0: Fly out, F7 (Flyball, 78S, EV 88.8 MPH)
|
Batting: RHB Byron Whitehead
|
0-0: Foul Ball, location: 2F 0-1: Ball 1-1: Ball 2-1: SINGLE (Line Drive, 56D, EV 100.0 MPH)
|
Batting: LHB Carlos Flores
|
0-0: Ball 1-0: Fly out, F4 (Popup, 34D, EV 53.1 MPH)
|
Batting: RHB Marvin Coffey
|
0-0: Ball 1-0: Fly out, F8 (Line Drive, 8LD, EV 89.4 MPH)
|
Bottom of the 5th over - 0 runs, 1 hit, 0 errors, 1 left on base; Pennsylvania State University 5 - Wichita State University 5 |
TOP OF THE 6TH |
Pennsylvania State University Nittany Lions batting - Pitching for Wichita State University Shockers : LHP Rusty Estes
|
Batting: RHB James Steinmetz
|
0-0: Ball 1-0: Ball 2-0: Foul Ball, location: 2F 2-1: Foul Ball, location: 2F 2-2: Foul Ball, location: 2F 2-2: Ball 3-2: Fly out, F8 (Line Drive, 78S, EV 89.4 MPH)
|
Batting: RHB Perry Brantley
|
0-0: Ball 1-0: Foul Ball, location: 2F 1-1: SINGLE (Groundball, 4S, EV 71.2 MPH) (infield hit)
|
Pitching: RHP Ryan Chase
|
|
Batting: RHB Francisco Velazquez
|
0-0: Ball 1-0: Called Strike Pickoff Throw to First - Out! 1-3 1-1: Ball 2-1: Foul Ball, location: 2F 2-2: Fly out, F7 (Flyball, 7LSF, EV 93.8 MPH)
|
Top of the 6th over - 0 runs, 1 hit, 0 errors, 0 left on base; Pennsylvania State University 5 - Wichita State University 5 |
BOTTOM OF THE 6TH |
Wichita State University Shockers batting - Pitching for Pennsylvania State University Nittany Lions : RHP David Cantu
|
Batting: RHB Jordan Carr
|
0-0: Ball 1-0: Fly out, F8 (Flyball, 8LS, EV 79.4 MPH)
|
Batting: RHB Kyle Gill
|
0-0: Ball 1-0: Called Strike 1-1: Ball 2-1: Foul Ball, location: 2F 2-2: Hit by Pitch
|
Pitching: LHP Roberto Mendez
|
|
Pinch Runner at 1st Mike Chafe:
|
|
Batting: RHB Jeff Grant
|
0-0: Foul Ball, location: 2F 0-1: Foul Ball, location: 2F 0-2: Foul Ball, location: 2F 0-2: Ball 1-2: Ball 2-2: Ball 3-2: Foul Ball, location: 2F 3-2: Fly out, F7 (Flyball, 7D, EV 80.6 MPH)
|
Batting: SHB Peter Faggard
|
0-0: Ground out 5-3 (Groundball, 56S, EV 63.1 MPH)
|
Bottom of the 6th over - 0 runs, 0 hits, 0 errors, 1 left on base; Pennsylvania State University 5 - Wichita State University 5 |
TOP OF THE 7TH |
Pennsylvania State University Nittany Lions batting - Pitching for Wichita State University Shockers : RHP Ryan Chase
|
Pitching: LHP Blake Gans
|
|
Now in CF: Mike Chafe
|
|
Batting: RHB Pete Martin
|
0-0: Fly out, F8 (Line Drive, 8LD, EV 90.6 MPH)
|
Batting: RHB Josh Ebeling
|
0-0: Ball 1-0: Called Strike 1-1: Ball 2-1: Ball 3-1: Foul Ball, location: 2F 3-2: Ground out 5-3 (Groundball, 5L, EV 86.2 MPH)
|
Batting: RHB Rob Hinojosa
|
0-0: Called Strike 0-1: Ball 1-1: Ball 2-1: Called Strike 2-2: Strikes out swinging
|
Top of the 7th over - 0 runs, 0 hits, 0 errors, 0 left on base; Pennsylvania State University 5 - Wichita State University 5 |
BOTTOM OF THE 7TH |
Wichita State University Shockers batting - Pitching for Pennsylvania State University Nittany Lions : LHP Roberto Mendez
|
Pitching: RHP Preki Nedic
|
|
Batting: RHB Alex Zeledon
|
0-0: Ground out U3 (Groundball, 3S, EV 91.2 MPH)
|
Batting: RHB Lucio Baratta
|
0-0: Ground out 4-3 (Groundball, 34, EV 91.2 MPH)
|
Batting: RHB Byron Whitehead
|
0-0: Ball 1-0: Ball 2-0: Called Strike 2-1: Foul Ball, location: 2F 2-2: SINGLE (Flyball, 6MD, EV 92.5 MPH)
|
Batting: LHB Carlos Flores
|
0-0: Ball 1-0: Called Strike 1-1: Swinging Strike 1-2: Strikes out swinging
|
Bottom of the 7th over - 0 runs, 1 hit, 0 errors, 1 left on base; Pennsylvania State University 5 - Wichita State University 5 |
TOP OF THE 8TH |
Pennsylvania State University Nittany Lions batting - Pitching for Wichita State University Shockers : LHP Blake Gans
|
Pitching: LHP John Schroeder
|
|
Batting: RHB Victor Victorino
|
0-0: Called Strike 0-1: Called Strike 0-2: Strikes out looking
|
Batting: RHB Joe Strachan
|
0-0: Ball 1-0: Fly out, F7 (Flyball, 78D, EV 92.5 MPH)
|
Batting: RHB Zachary Roberts
|
0-0: Fly out, F8 (Flyball, 8LD, EV 103.8 MPH)
|
Top of the 8th over - 0 runs, 0 hits, 0 errors, 0 left on base; Pennsylvania State University 5 - Wichita State University 5 |
BOTTOM OF THE 8TH |
Wichita State University Shockers batting - Pitching for Pennsylvania State University Nittany Lions : RHP Preki Nedic
|
Batting: RHB Marvin Coffey
|
0-0: Called Strike 0-1: Ball 1-1: Ball 2-1: Fly out, F8 (Line Drive, 8LD, EV 92.5 MPH)
|
Batting: RHB Jordan Carr
|
0-0: Called Strike 0-1: Foul Ball, location: 2F 0-2: Foul Ball, location: 2F 0-2: Foul Ball, location: 2F 0-2: Ground out 6-3 (Groundball, 56, EV 86.2 MPH)
|
Pitching: RHP Velimir Danicic
|
|
Batting: SHB Mike Chafe
|
0-0: Ball 1-0: Ball 2-0: Foul Ball, location: 2F 2-1: Foul Ball, location: 2F 2-2: Ball 3-2: Strikes out swinging
|
Bottom of the 8th over - 0 runs, 0 hits, 0 errors, 0 left on base; Pennsylvania State University 5 - Wichita State University 5 |
TOP OF THE 9TH |
Pennsylvania State University Nittany Lions batting - Pitching for Wichita State University Shockers : LHP John Schroeder
|
Batting: RHB James Steinmetz
|
0-0: Ball 1-0: Ball 2-0: Foul Ball, location: 2F 2-1: Fly out, F7 (Flyball, 7, EV 83.8 MPH)
|
Batting: RHB Perry Brantley
|
0-0: Called Strike 0-1: Fly out, F3 (Popup, 3DF, EV 51.9 MPH)
|
Batting: RHB Francisco Velazquez
|
0-0: Fly out, F8 (Flyball, 8RM, EV 87.5 MPH)
|
Top of the 9th over - 0 runs, 0 hits, 0 errors, 0 left on base; Pennsylvania State University 5 - Wichita State University 5 |
BOTTOM OF THE 9TH |
Wichita State University Shockers batting - Pitching for Pennsylvania State University Nittany Lions : RHP Velimir Danicic
|
Pinch Hitting: LHB Kyle Lee
|
0-0: Ball 1-0: Called Strike 1-1: Foul Ball, location: 2F 1-2: Foul Ball, location: 2F 1-2: Strikes out swinging
|
Batting: SHB Peter Faggard
|
0-0: Foul Ball, location: 2F 0-1: Foul Ball, location: 2F 0-2: Ball 1-2: Strikes out swinging
|
Batting: RHB Alex Zeledon
|
0-0: Ball 1-0: Ball 2-0: Ball 3-0: Called Strike 3-1: Fly out, F8 (Line Drive, 8LM, EV 110.6 MPH)
|
Bottom of the 9th over - 0 runs, 0 hits, 0 errors, 0 left on base; Pennsylvania State University 5 - Wichita State University 5 |
TOP OF THE 10TH |
Pennsylvania State University Nittany Lions batting - Pitching for Wichita State University Shockers : LHP John Schroeder
|
Now at 3B: Troy Davies
|
|
Batting: RHB Pete Martin
|
0-0: Ball 1-0: Fly out, F3 (Popup, 3S, EV 83.1 MPH)
|
Batting: RHB Josh Ebeling
|
0-0: Swinging Strike 0-1: Ball 1-1: Ball 2-1: Foul Ball, location: 2F 2-2: Strikes out looking
|
Batting: RHB Rob Hinojosa
|
0-0: Ball 1-0: Ball 2-0: Fly out, F7 (Flyball, 7LDF, EV 83.8 MPH)
|
Top of the 10th over - 0 runs, 0 hits, 0 errors, 0 left on base; Pennsylvania State University 5 - Wichita State University 5 |
BOTTOM OF THE 10TH |
Wichita State University Shockers batting - Pitching for Pennsylvania State University Nittany Lions : RHP Velimir Danicic
|
Batting: RHB Lucio Baratta
|
0-0: Called Strike 0-1: Swinging Strike 0-2: Ball 1-2: Foul Ball, location: 2F 1-2: Strikes out swinging
|
Batting: RHB Byron Whitehead
|
0-0: Ball 1-0: Ground out 5-3 (Groundball, 5, EV 101.9 MPH)
|
Batting: LHB Carlos Flores
|
0-0: Ball 1-0: Ball 2-0: Ball 3-0: Called Strike 3-1: Called Strike 3-2: Foul Ball, location: 2F 3-2: Base on Balls
|
Batting: RHB Marvin Coffey
|
0-0: Swinging Strike 0-1: Foul Ball, location: 2F 0-2: Fly out, F7 (Flyball, 7D, EV 92.5 MPH)
|
Bottom of the 10th over - 0 runs, 0 hits, 0 errors, 1 left on base; Pennsylvania State University 5 - Wichita State University 5 |
TOP OF THE 11TH |
Pennsylvania State University Nittany Lions batting - Pitching for Wichita State University Shockers : LHP John Schroeder
|
Batting: RHB Victor Victorino
|
0-0: Ball 1-0: Ball 2-0: Foul Ball, location: 2F 2-1: Ball 3-1: Base on Balls
|
Batting: RHB Joe Strachan
|
0-0: Fly out, F9 (Flyball, 89D, EV 91.9 MPH)
|
Batting: RHB Zachary Roberts
|
0-0: Ball 1-0: Swinging Strike 1-1: Foul Ball, location: 2F 1-2: SINGLE (Groundball, 3D, EV 96.9 MPH) Victor Victorino to second
|
Pitching: LHP Ernesto Ruiz
|
|
Batting: RHB James Steinmetz
|
0-0: Ball 1-0: Foul Ball, location: 2F 1-1: Swinging Strike 1-2: Fly out, F8 (Flyball, 8LD, EV 85.6 MPH)
|
Batting: RHB Perry Brantley
|
0-0: Ball 1-0: Ball 2-0: Ground out 3-1 (Groundball, 34, EV 89.4 MPH)
|
Top of the 11th over - 0 runs, 1 hit, 0 errors, 2 left on base; Pennsylvania State University 5 - Wichita State University 5 |
BOTTOM OF THE 11TH |
Wichita State University Shockers batting - Pitching for Pennsylvania State University Nittany Lions : RHP Velimir Danicic
|
Batting: RHB Jordan Carr
|
0-0: Called Strike 0-1: SINGLE (Groundball, 34D, EV 110.6 MPH)
|
Batting: SHB Mike Chafe
|
0-0: Ball 1-0: DOUBLE (Line Drive, 7LM, EV 113.8 MPH) Jordan Carr to third
|
Batting: LHB Troy Davies
|
0-0: Intentional Walk
|
Batting: SHB Peter Faggard
|
0-0: Ball 1-0: Foul Ball, location: 2F 1-1: Fly out, F8 (Flyball, 8LM, EV 88.1 MPH) Runner from 3rd tags up, SCORES, throw by CF
|
Bottom of the 11th over - 1 run, 2 hits, 0 errors, 2 left on base; Pennsylvania State University 5 - Wichita State University 6 |
|